 Dungeon Crawl Stone Soup version 0.31-a0-1068-g5939ac1fb6 (webtiles) character file.

Game seed: 16019339742430842658

8286 Chiseanne the Fighter (level 11, -3/85 (90) HPs)
             Began as a Demonspawn Wanderer on Nov 24, 2023.
             Was an Initiate of Gozag.
             Shot with an arrow by a centaur warrior (13 damage)
             ... on level 9 of the Dungeon.
             The game lasted 00:25:40 (9667 turns).

Chiseanne the Fighter (Demonspawn Wanderer)         Turns: 9667, Time: 00:25:41

HP:   -3/85 (90)    AC: 17    Str: 16    XL:     11   Next: 7%
MP:   14/14         EV: 29    Int: 14    God:    Gozag
Gold: 829           SH:  0    Dex: 16    Spells: 14/14 levels left

rFire   . . .        a - +5 scimitar (freeze)
rCold   . . .        (no shield)
rNeg    . . .        k - +1 scale mail
rPois   +            (no helmet)
rElec   +            u - +1 cloak {rPois}
rCorr   +            (no gloves)
SInv    .            b - +0 pair of boots
Will    .....        e - amulet "Ytzeclur" {Acrobat Str+3}
Stlth   +            g - ring of resist corrosion
HPRegen 0.34/turn    (no ring)
MPRegen 0.14/turn

%: acrobat
@: gold aura, acrobatic, drained
A: hooves 1, thin metallic scales 3, ignite blood 2, powered by pain 1
a: Renounce Religion, Potion Petition, Call Merchant, Bribe Branch


You were on level 9 of the Dungeon.
You worshipped Gozag.
Gozag was pleased with you.
You visited 2 branches of the dungeon, and saw 10 of its levels.

You collected 1571 gold pieces.
You paid 742 gold pieces to Gozag.

Inventory:

Hand Weapons
 a - a +5 scimitar of freezing (weapon)
 d - a +4 quarterstaff of chaos
 s - a +2 whip of venom
 D - a +4 great sword
 K - a +2 whip of electrocution
Missiles
 f - 100 stones
 p - 17 poisoned darts (quivered)
 x - 6 atropa-tipped darts
 I - 5 javelins
 J - 2 boomerangs
 M - a curare-tipped dart
Armour
 b - a +0 pair of boots (worn)
 k - a +1 scale mail (worn)
 u - a +1 cloak of poison resistance (worn)
 B - a +1 leather armour of willpower
Jewellery
 e - the amulet "Ytzeclur" (around neck) {Acrobat Str+3}
   (You found it on level 3 of the Dungeon)

   [amulet of the acrobat]

   Acrobat:   It increases your evasion while moving and waiting.
   Str+3:     It affects your strength (+3).
 g - a ring of resist corrosion (left hand)
 j - a ring of ice
 o - a ring of willpower
Talismans
 n - a maw talisman
 r - a beast talisman
 y - a maw talisman
Wands
 h - a wand of roots (5)
 C - a wand of mindburst (2)
 F - a wand of quicksilver (8)
Scrolls
 l - 5 scrolls of teleportation
 m - a scroll of enchant weapon
 q - a scroll of amnesia
 v - a scroll of immolation
Potions
 t - 2 potions of cancellation
 w - 2 potions of might
 z - a potion of haste
 A - a potion of magic
 L - a potion of curing {unknown}


   Skills:
 * Level 10.1 Fighting
 - Level 2.6 Long Blades
 * Level 9.0 Armour
 * Level 9.1 Dodging
 - Level 1.7 Stealth
 - Level 2.0 Spellcasting
 - Level 2.6 Ice Magic


You had 14 spell levels left.
You didn't know any spells.
Your spell library contained the following spells:

 Spells                   Type           Power      Damage    Failure   Level
 Freeze                   Ice            32%        1d5       22%         1
 Magic Dart               Conj           4%         1d3       56%         1
 Frozen Ramparts          Ice            16%        1d3       56%         3
 Cigotuvi's Dreadful Rot  Necr/Pois/Air  2%         N/A       71%         2
 Searing Ray              Conj           2%         2d4       71%         2
 Ignite Poison            Fire/Tmut/Pois 1%         N/A       90%         3
 Fulminant Prism          Conj/Hex       0%         3d5       100%        4
 Freezing Cloud           Conj/Ice/Air   1%         6-21      100%        5


Dungeon Overview and Level Annotations

Branches:
Dungeon (9/15)             Temple (1/1) D:5
   Lair: D:8-11         Orc: D:9-12

Altars:
Ashenzari
Cheibriados
Dithmenos
Fedhas
Gozag
Hepliaklqana
Kikubaaqudgha
Makhleb
Nemelex Xobeh
Okawaru
Qazlal
Ru
Sif Muna
Trog
Uskayaw
Vehumet
Xom
Yredelemnul

Shops:
D:9 (


Innate Abilities, Weirdness & Mutations

You have large cloven feet.
You are completely covered in thin metallic scales. (AC +4, rElec)
Your demonic aura often causes spilled blood to erupt in flames.
You sometimes gain a little power by taking damage.


Message History

The centaur warrior struggles to escape constriction.
The two-headed ogre struggles to escape constriction.
The centaur warrior struggles to escape constriction.
The grasping roots constrict the centaur warrior.
The grasping roots constrict the two-headed ogre!
The roots release their grip on the centaur warrior.
The roots release their grip on the two-headed ogre.
Aiming: Fastroot
Press: ? - help, Shift-Dir - straight line, f/p - two-headed ogre
Aim: a two-headed ogre, wielding a +0 giant club and a +0 giant spiked club (moderately wounded)
The roots erupt in riotous growth!
Roots grab the two-headed ogre.
Roots grab the centaur warrior.
The grasping roots constrict the centaur warrior.
The grasping roots constrict the two-headed ogre.
The two-headed ogre escapes!
You hit the two-headed ogre. You freeze the two-headed ogre.
The two-headed ogre is moderately wounded.
The grasping roots constrict the centaur warrior.
The roots release their grip on the centaur warrior.
The two-headed ogre is engulfed in blazing flames.
The two-headed ogre barely misses you. The two-headed ogre closely misses you.
You barely miss the two-headed ogre.
The two-headed ogre is heavily wounded.
The two-headed ogre is engulfed in blazing flames.
The two-headed ogre hits you with a +0 giant club!!
The two-headed ogre hits you with a +0 giant spiked club!
You slash the two-headed ogre! You freeze the two-headed ogre.
The two-headed ogre is almost dead.
The centaur warrior is engulfed in blazing flames. x2
The two-headed ogre is engulfed in blazing flames.
You kill the two-headed ogre!
Your Armour skill increases to level 9!
The centaur warrior is engulfed in blazing flames.
The centaur warrior wields a +1 orcbow of draining.
You sense an unholy aura.
The centaur warrior shoots an arrow.
The arrow hits you!!
* * * LOW HITPOINT WARNING * * *
You feel drained.
You die...
Your body crumbles into a pile of gold.

##)# #..# #........#
#.# #)# #..# #........#
#.# #)# #..# #........#
#.# #.#
#..####.)######## #.#
#.#
#.....).D...lDo.#######
#.#
#..)####l#.#c.#.'.....#
#.# #...#
#c#..##..#.#.#.# #)#
#...# #○#..##..#..#..#
#.# #...#
#@#.#..#.#.#c#.# #.#
#...# #.#......#.l...#
#.. ....#
#.###########D## #...
.....# #.#.. ..#.O$.#
#..........#
#.#..#.#.#.##.#
#.######...# #.##+#
..lo##.# #.# #.#
####o...# #.# #.#
######


You could see a centaur warrior, a wyvern and an acid dragon.

Vanquished Creatures
  A two-headed ogre (D:9)
  Pikel (D:4)
  A kobold demonologist (D:9)
  11 yaks
  A wraith (D:9)
  4 wyverns
  2 steam dragons (D:8)
  2 water moccasins (D:8)
  4 ice beasts
  2 sky beasts (D:8)
  An orc warrior (D:8)
  3 ogres
  3 lemures (D:5)
  6 centaurs
  A kobold brigand (D:8)
  A phantom (D:6)
  3 bullfrogs
  2 scorpions
  21 wights
  A killer bee (D:9)
  6 howler monkeys
  2 hounds
  3 jellies
  6 gnoll boudas
  An orc priest (D:8)
  Crazy Yiuf (D:5)
  3 sleepcaps
  6 iguanas
  5 orc wizards
  10 gnolls
  10 adders
  A shadow imp (D:4)
  A white imp (D:5)
  3 worms
  A dart slug (D:1)
  14 orcs
  9 endoplasms
  8 giant cockroaches
  5 hobgoblins
  6 jackals (D:1)
  5 quokkas
  4 ball pythons
  12 bats
  4 frilled lizards
  4 goblins
  9 kobolds
  9 rats
219 creatures vanquished.

Vanquished Creatures (collateral kills)
  A wight (D:9)
  A howler monkey (D:9)
2 creatures vanquished.

Vanquished Creatures (others)
  A wight (D:9)
  A gnoll (D:9)
2 creatures vanquished.

Grand Total: 223 creatures vanquished

Notes
Turn   | Place    | Note
-------+----------+-------------------------------------------
     0 | D:1      | Chiseanne the Demonspawn Wanderer began the quest for the
                  | Orb.
     0 | D:1      | Chiseanne set off with the following items: a +2 falchion,
                  | a +0 pair of boots, a potion of attraction, a +0 robe; and
                  | the following spell memorised: Freeze; and the following
                  | spells available to memorise: Frozen Ramparts.
     0 | D:1      | Reached XP level 1. HP: 13/13 MP: 3/3
   159 | D:1      | Reached skill level 1 in Fighting
   178 | D:1      | Reached skill level 1 in Dodging
   178 | D:1      | Gained mutation: You are partially covered in thin metallic
                  | scales. (AC +2) [demonic ancestry]
   178 | D:1      | Reached XP level 2. HP: 21/21 MP: 5/5
   426 | D:1      | Reached XP level 3. HP: 25/27 MP: 6/6
   735 | D:1      | Reached skill level 2 in Fighting
  1089 | D:2      | Reached skill level 1 in Armour
  1089 | D:2      | Gained mutation: You are mostly covered in thin metallic
                  | scales. (AC +3) [demonic ancestry]
  1089 | D:2      | Reached XP level 4. HP: 33/33 MP: 7/7
  1547 | D:3      | Noticed an ice beast
  1557 | D:3      | Killed an ice beast
  1558 | D:3      | Reached skill level 3 in Fighting
  1558 | D:3      | Reached XP level 5. HP: 41/41 MP: 8/8
  1570 | D:3      | Identified the amulet "Ytzeclur" {Acrobat Str+3}
  1610 | D:3      | Noticed a water elemental
  1612 | D:3      | Found a stormy altar of Qazlal.
  1616 | D:3      | Noticed an air elemental
  1616 | D:3      | Noticed a fire elemental
  1753 | D:3      | Found a snail-covered altar of Cheibriados.
  1837 | D:3      | You fall into a shaft and drop 2 floors!
  1837 | D:5      | Entered Level 5 of the Dungeon
  1849 | D:5      | Noticed an ogre
  1866 | D:5      | Killed an ogre
  1867 | D:5      | Gained mutation: You are completely covered in thin
                  | metallic scales. (AC +4, rElec) [demonic ancestry]
  1867 | D:5      | Reached XP level 6. HP: 29/48 MP: 9/9
  2109 | D:5      | Found a staircase to the Ecumenical Temple.
  2132 | D:5      | Reached skill level 4 in Fighting
  2251 | Temple   | Entered the Ecumenical Temple
  2314 | D:5      | Reached XP level 7. HP: 18/55 MP: 10/10
  2551 | D:4      | Noticed Pikel
  2930 | D:5      | Chiseanne: FUCK YOU
  3400 | D:4      | Killed Pikel
  3401 | D:4      | Reached skill level 5 in Fighting
  3401 | D:4      | Reached skill level 5 in Dodging
  3401 | D:4      | Gained mutation: Your demonic aura sometimes causes spilled
                  | blood to erupt in flames. [demonic ancestry]
  3401 | D:4      | Reached XP level 8. HP: 64/64 MP: 11/11
  3564 | D:4      | Found a sparkling altar of Nemelex Xobeh.
  3738 | D:4      | Chiseanne: funny! no rally!
  4054 | D:5      | Found a runed translucent door.
  4055 | D:5      | Noticed Crazy Yiuf
  4147 | D:5      | Killed Crazy Yiuf
  4312 | D:3      | Reached skill level 5 in Armour
  4867 | D:6      | Reached skill level 6 in Fighting
  4986 | D:6      | Found a hazy altar of Hepliaklqana.
  5202 | D:6      | Chiseanne: of course
  5417 | D:6      | Gained mutation: Your demonic aura often causes spilled
                  | blood to erupt in flames. [demonic ancestry]
  5417 | D:6      | Reached XP level 9. HP: 58/71 MP: 12/12
  5427 | D:6      | Reached skill level 7 in Fighting
  5940 | D:7      | Found an iron altar of Okawaru.
  6209 | D:7      | Noticed a +0 spear
  6209 | D:7      | Noticed a +0 dagger
  6210 | D:7      | Noticed a +0 short sword
  6210 | D:7      | Noticed a +0 dagger
  6210 | D:7      | Noticed a +0 short sword
  6210 | D:7      | Noticed a +0 falchion
  6210 | D:7      | Noticed a +0 falchion
  6210 | D:7      | Noticed a +0 spear
  6402 | D:7      | Found a hide-covered altar of Uskayaw.
  6456 | D:7      | Found an opulent altar of Gozag.
  6459 | D:7      | Found a broken altar of Ashenzari.
  6471 | D:7      | Became a worshipper of Gozag Ym Sagoz the Greedy
  7051 | D:8      | Reached skill level 8 in Fighting
  7835 | D:8      | Found a burning altar of Makhleb.
  7835 | D:8      | Found a sacrificial altar of Ru.
  7964 | D:8      | Gained mutation: You have large cloven feet. [demonic
                  | ancestry]
  7964 | D:8      | Reached XP level 10. HP: 70/82 MP: 13/13
  8587 | D:8      | Reached skill level 9 in Fighting
  9622 | D:9      | Noticed a centaur warrior
  9633 | D:9      | Noticed a two-headed ogre
  9644 | D:9      | Reached skill level 10 in Fighting
  9644 | D:9      | Gained mutation: You sometimes gain a little power by
                  | taking damage. [demonic ancestry]
  9644 | D:9      | Reached XP level 11. HP: 67/90 MP: 14/14
  9666 | D:9      | Killed a two-headed ogre
  9667 | D:9      | Shot with an arrow by a centaur warrior

Illustrated notes

Levels and vault maps discovered:
D:1:      dpeg_arrival_three_bigger_balls, layout_loops_ring, minivault_26
D:2:      layout_loops_ring, basic_altar, hangedman_abyss_or_decor_lesser_grid
D:3:      layout_rooms, nicolae_qazlal_style_of_elements,
          mainiacjoe_overflow_alcove_2,
          mainiacjoe_sewer_entry_somewhere_in_here_1, kennysheep_generic_room_5
D:4:      layout_cave_pools, mainiacjoe_overflow_cross_hatched, roderic_batcave,
          uniq_pikel
D:5:      layout_basic, minmay_temple_entry_trees, uniq_crazy_yiuf_cottage
D:6:      hellmonk_crumbling_castle, layout_basic,
          mainiacjoe_overflow_surrounded_room
D:7:      layout_gridville, mainiacjoe_overflow_concentric_impassable,
          nicolae_uskayaw_en_pointe, chequers_temple_overflow_statue_of_worship,
          nicolae_ossuary_entry_ruins, minmay_circle_x
D:8:      minmay_polygon_palace, layout_loops_corners,
          gammafunk_temple_overflow_wave, tso_oasis_becter, serial_glass,
          glass_columns_a, glass_columns_b
D:9:      minmay_clustersquares, layout_long_grid, lair_entry_dummy
Temple:   hellmonk_temple_rainy

Skill      XL: |  1  2  3  4  5  6  7  8  9 10 11 |
---------------+----------------------------------+-----
Fighting       | 1 2 3 4 5 6 8 10 | 10.1
Dodging        | 1 2 3 5 6 7 9 |  9.1
Armour         | 1 2 3 4 5 7 8 9 |  9.0
Long Blades    | |  2.6
Stealth        | |  1.7
Spellcasting   | |  2.0
Ice Magic      | |  2.6

Action                     |  1- 3 |  4- 6 |  7- 9 | 10-12 || total
---------------------------+-------+-------+-------+-------++-------
  Melee: Falchion          |   145 |   145 |   392 |       ||   682
         Punch             |     2 |     1 |     7 |     1 ||    11
         Whip              |       |       |    60 |    33 ||    93
         Quarterstaff      |       |       |    20 |   133 ||   153
         Scimitar          |       |       |       |    39 ||    39
  Throw: Dart              |       |       |     4 |     1 ||     5
         Javelin           |       |       |     5 |     6 ||    11
 Invoke: Call Merchant     |       |       |       |     1 ||     1
  Evoke: Wand              |       |       |       |    14 ||    14
    Use: Scroll            |     5 |     6 |     6 |     2 ||    19
         Potion            |       |     1 |     4 |       ||     5
   Stab: Confused          |       |       |       |     1 ||     1
 Armour: Robe              |    40 |       |       |       ||    40
         Scale mail        |    59 |   109 |   324 |   163 ||   655
         Skin              |       |       |     7 |       ||     7
  Dodge: Dodged            |    90 |    62 |   316 |   204 ||   672

Table legend: (Time is in decaauts)
 A = Elapsed time spent in this place.
 B = Non-inter-level travel time spent in this place.
 C = Inter-level travel time spent in this place.
 D = Time resting spent in this place.
 E = Time spent auto-exploring this place.
 F = Levels seen in this place.
 G = Mean time per level.
                   A        B        C        D        E       F      G
               +--------+--------+--------+--------+--------+-----+--------+
         Total |   9883 |   9560 |    323 |   1773 |   5337 |  10 |  988.3 |
       Dungeon |   9876 |   9554 |    322 |   1773 |   5337 |   9 | 1097.3 |
        Temple |      7 |      6 |      1 |      0 |      0 |   1 |    7.0 |
               +--------+--------+--------+--------+--------+-----+--------+

Top non-repeatable levels by time:
     D:8: 2177 daAuts
     D:5: 1804 daAuts
     D:7: 1235 daAuts
     D:6: 1098 daAuts
     D:1: 876 daAuts
     D:4: 787 daAuts
     D:2: 712 daAuts
     D:3: 652 daAuts
     D:9: 532 daAuts
  Temple: 7 daAuts
